 Dungeon Crawl Stone Soup version 0.19.5 (webtiles) character file.

1525 JeffiDaFish the Cudgeler (level 8, -5/52 HPs)
             Began as a Gargoyle Fighter on Mar 7, 2017.
             Was a Believer of Okawaru.
             Slain by an orc warrior
             ... wielding a +0 trident
              (11 damage)
             ... on level 7 of the Dungeon.
             The game lasted 00:12:01 (4247 turns).

JeffiDaFish the Cudgeler (Gargoyle Fighter)         Turns: 4247, Time: 00:12:02

Health: -5/52      AC: 16    Str: 19    XL:     8   Next: 84%
Magic:  8/8        EV:  8    Int: 12    God:    Okawaru [**....]
Gold:   267        SH:  0    Dex: 17    Spells: 0 memorised, 7 levels left

rFire  . . .     SeeInvis .     a - +1 flail
rCold  . . .     Gourm    .     b - +0 scale mail
rNeg   + . .     Faith    .     c - +0 shield
rPois  ∞         Spirit   .     s - +0 helmet
rElec  +         Reflect  .     (no cloak)
rCorr  .         Harm     .     (no gloves)
MR     .....                    (no boots)
Stlth  +.........               (no amulet)
                                (no ring)
                                n - +4 ring of dexterity

@: confused
A: molten scales 1, thin skeletal structure 1, clever 1, negative energy
resistance 1, electricity resistance, unbreathing, petrification resistance, rot
immunity, AC +5
a: Heroism, Renounce Religion


You were on level 7 of the Dungeon.
You worshipped Okawaru.
Okawaru was pleased with you.
You were not hungry.

You visited 1 branch of the dungeon, and saw 7 of its levels.

You collected 267 gold pieces.

Inventory:

Hand Weapons
 a - a +1 flail (weapon)
Armour
 b - a +0 scale mail (worn)
 c - a +0 shield (worn)
 s - a +0 helmet (worn)
Jewellery
 n - a +4 ring of dexterity (left hand)
Scrolls
 i - a scroll of amnesia
 j - 2 scrolls of remove curse
 t - a scroll of fear
 u - a scroll of identify
Potions
 d - a potion of might
 e - a potion of ambrosia
 g - 2 potions of flight
 m - a potion of agility
 p - a potion of magic
Comestibles
 f - 5 bread rations
 h - 4 beef jerkies
 k - a royal jelly
 o - 9 fruits
 q - 9 chunks of flesh
 r - a meat ration


   Skills:
 + Level 6.7 Fighting
 + Level 7.4 Maces & Flails
 + Level 6.5 Armour
 + Level 1.1 Dodging
 + Level 5.5 Stealth
 + Level 6.8 Shields
 + Level 4.1 Unarmed Combat


You had 7 spell levels left.
You didn't know any spells.

Dungeon Overview and Level Annotations

Branches:
Dungeon (7/15)             Temple (0/1) D:6

Altars:
Ashenzari
Fedhas
Hepliaklqana
Okawaru
Yredelemnul
Zin


Innate Abilities, Weirdness & Mutations

You are resistant to torment.
Your stone body is resilient. (AC +5)
You are immune to poison.
You resist negative energy. (rN+)
You are resistant to electric shocks. (rElec)
You can survive without breathing.
You are immune to petrification.
You are immune to rotting.
You are partially covered in molten scales. (AC +2)
You have a somewhat thin skeletal structure. (Dex +2, Stealth)
Your mind is acute. (Int +2)


Message History

The hippogriff is severely wounded.
The orc warrior barely misses you. The hippogriff barely misses you.
The hippogriff pecks you but does no damage.
The hippogriff claws you but does no damage.
You sock the hippogriff!
The hippogriff is almost dead.
The orc warrior hits you from afar with a trident.
* * * LOW HITPOINT WARNING * * *
The hippogriff bites you but does no damage.
The hippogriff pecks you but does no damage.
You block the hippogriff's attack.
Okay, then.
You thump the hippogriff!
You kill the hippogriff!
Okawaru accepts your kill. You block the orc warrior's attack.
You are confused.
You feel invigorated.
The orc warrior hits you from afar with a trident!
You die...

.....#.#.# #......##.......
.....#.#.# #..............o
.....#.#.###.)....##.......
.....#...........## .......
########)#######o# #######
# #.# #o# # #.# #o# #.# #.#
#.# #@# #.# #.# #.. #.# ###
#.# #.# #.. ###


You could see an orc warrior and 2 orcs.

Vanquished Creatures
  The ghost of Saba the Archer, a novice CeHu (D:4)
  2 hippogriffs (D:7)
  An ice beast (D:6)
  2 ogres
  A centaur (D:5)
  A howler monkey (D:6)
  2 crimson imps
  2 hounds
  An orc priest (D:5)
  An orc wizard (D:7)
  A bullfrog skeleton (D:4)
  3 worker ants
  2 hound skeletons
  7 adders
  A shadow imp (D:5)
  3 oozes
  An adder skeleton (D:6)
  3 dart slugs
  A worm (D:2)
  8 orcs
  6 giant cockroaches
  5 goblins
  8 hobgoblins
  9 jackals
  3 kobolds
  2 quokkas
  A ball python (D:2)
  8 bats
  A jackal skeleton (D:5)
  A leopard gecko skeleton (D:4)
  A quokka skeleton (D:4)
  A quokka zombie (D:7)
  10 rats
100 creatures vanquished.

Notes
Turn   | Place    | Note
-------+----------+-------------------------------------------
     0 | D:1      | JeffiDaFish the Gargoyle Fighter began the quest for the Orb.
     0 | D:1      | Reached XP level 1. HP: 14/14 MP: 1/1
    89 | D:1      | Reached XP level 2. HP: 19/19 MP: 2/2
   600 | D:1      | Reached XP level 3. HP: 23/24 MP: 3/3
   890 | D:2      | Reached skill level 5 in Fighting
   890 | D:2      | Reached skill level 4 in Maces & Flails
   890 | D:2      | Reached skill level 5 in Armour
   890 | D:2      | Reached skill level 5 in Shields
   890 | D:2      | Reached XP level 4. HP: 32/32 MP: 4/4
  1707 | D:3      | Reached skill level 5 in Maces & Flails
  1746 | D:3      | Gained mutation: You have a somewhat thin skeletal structure. (Dex +2, Stealth) [potion of mutation]
  1746 | D:3      | Gained mutation: You are partially covered in molten scales. (AC +2) [potion of mutation]
  1845 | D:3      | Found an iron altar of Okawaru.
  1858 | D:3      | Became a worshipper of Warmaster Okawaru
  1873 | D:3      | Reached XP level 5. HP: 36/36 MP: 5/5
  2252 | D:4      | Noticed an ogre
  2265 | D:4      | Killed an ogre
  2282 | D:4      | Gained mutation: Your mind is acute. (Int +2) [potion of beneficial mutation]
  2312 | D:4      | Reached XP level 6. HP: 41/41 MP: 6/6
  2340 | D:4      | Found a blossoming altar of Fedhas.
  2357 | D:4      | Noticed Saba's ghost (novice CeHu)
  2364 | D:4      | Reached skill level 5 in Stealth
  2372 | D:4      | Killed Saba's ghost
  2372 | D:4      | Reached * piety under Okawaru
  2372 | D:4      | Reached skill level 6 in Maces & Flails
  2372 | D:4      | Reached XP level 7. HP: 26/46 MP: 7/7
  2653 | D:4      | Found a glowing silver altar of Zin.
  2735 | D:5      | Entered Level 5 of the Dungeon
  2803 | D:5      | Found a shattered altar of Ashenzari.
  3435 | D:6      | Reached XP level 8. HP: 51/52 MP: 8/8
  3514 | D:6      | Reached ** piety under Okawaru
  3755 | D:6      | Found a staircase to the Ecumenical Temple.
  3915 | D:6      | Found a basalt altar of Yredelemnul.
  4023 | D:6      | Found a hazy altar of Hepliaklqana.
  4024 | D:6      | Found a shattered altar of Ashenzari.
  4028 | D:6      | Found an iron altar of Okawaru.
  4066 | D:7      | Noticed a hippogriff
  4079 | D:7      | Killed a hippogriff
  4079 | D:7      | Reached skill level 7 in Maces & Flails
  4079 | D:7      | Reached skill level 1 in Dodging
  4216 | D:7      | Noticed a hippogriff
  4244 | D:7      | HP: 2/52 [orc warrior/trident (3)]
  4245 | D:7      | Killed a hippogriff
  4247 | D:7      | Slain by an orc warrior

Skill      XL: |  1  2  3  4  5  6  7  8 |
---------------+-------------------------+-----
Fighting       | 5 6 |  6.7
Maces & Flails | 4 5 6 7 |  7.4
Armour         | 5 6 |  6.5
Stealth        | 4 5 |  5.5
Shields        | 5 6 |  6.8
Unarmed Combat | 4 |  4.1
Dodging        | 1 |  1.1

Action                   |  1- 3 |  4- 6 |  7- 9 || total
-------------------------+-------+-------+-------++-------
Melee: Flail             |    76 |   119 |   163 ||   358
  Use: Potion            |     5 |     6 |     3 ||    14
       Scroll            |     4 |     2 |     3 ||     9
 Stab: Sleeping          |       |     2 |     6 ||     8
  Eat: Chunk             |       |     5 |     6 ||    11
Armor: Scale mail        |    35 |    59 |    81 ||   175
Dodge: Dodged            |    25 |    41 |    48 ||   114
Block: Shield            |    41 |    61 |    97 ||   199
